 Dungeon Crawl Stone Soup version 0.25.1-2-g60ff931df9 (webtiles) character file.

Game seed: 5542584584512077567

813 Luthien the Conjurer (level 7, -10/42 HPs)
             Began as a Deep Elf Conjurer on Aug 24, 2020.
             Was an Initiate of Vehumet.
             Mangled by a sixfirhy (11 damage)
             ... on level 1 of the Abyss on Aug 25, 2020.
             The game lasted 00:19:44 (4755 turns).

Luthien the Conjurer (Deep Elf Conjurer)            Turns: 4755, Time: 00:19:45

Health: -10/42     AC:  3    Str:  5    XL:     7   Next: 61%
Magic:  19/19      EV: 12    Int: 28    God:    Vehumet [......]
Gold:   245        SH:  0    Dex: 15    Spells: 17/20 levels left

rFire    . . .     SeeInvis .   C - +0 rapier (speed)
rCold    . . .     Gourm    .   (no shield)
rNeg     . . .     Faith    .   g - +0 leather armour
rPois    .         Spirit   .   (no helmet)
rElec    .         Reflect  .   (no cloak)
rCorr    .         Harm     .   (no gloves)
MR       .....                  (no boots)
Stlth    +.........             (no amulet)
HPRegen  0.14/turn              z - ring of attention (curse)
MPRegen  0.16/turn              t - +6 ring of intelligence

@: no status effects
A: no striking features
a: Renounce Religion


You were on level 1 of the Abyss.
You worshipped Vehumet.
Vehumet was noncommittal.
You were hungry.

You visited 2 branches of the dungeon, and saw 6 of its levels.
You visited the Abyss 1 time.

You collected 245 gold pieces.

Inventory:

Hand Weapons
 j - a +0 club
 m - a +0 hand axe of freezing
 o - a +0 hunting sling
 C - a +0 rapier of speed (weapon)
 F - a +0 hunting sling
Missiles
 h - 56 arrows
 i - 78 stones (quivered)
 G - 21 poisoned darts
Armour
 a - a +0 robe
 g - a +0 leather armour (worn)
 A - a +4 chain mail
Jewellery
 p - an uncursed ring of flight
 t - a +6 ring of intelligence (right hand)
 u - a +6 ring of dexterity
 z - a cursed ring of attention (left hand)
 D - an uncursed ring of ice
Wands
 n - a wand of polymorph (6)
Scrolls
 d - 2 scrolls of magic mapping {unknown}
 e - a scroll of amnesia {unknown}
 f - a scroll of enchant weapon {unknown}
 l - 2 scrolls of teleportation {unknown}
 q - 2 scrolls of immolation {unknown}
 r - 2 scrolls of remove curse {unknown}
 v - a scroll of fear {unknown}
 x - a scroll of blinking {unknown}
 y - a scroll of noise {unknown}
 E - 2 scrolls of identify {unknown}
 H - a scroll of enchant armour {unknown}
Potions
 b - a potion of stabbing {unknown}
 k - 2 potions of flight {unknown}
 s - 3 potions of haste {unknown}
 w - a potion of ambrosia {unknown}
 B - a potion of brilliance {unknown}
 I - a potion of resistance {unknown}
Comestibles
 c - 9 rations


   Skills:
 + Level 3.6 Fighting
 - Level 2.8 Dodging
 - Level 2.9 Stealth
 + Level 7.0 Spellcasting
 + Level 7.0 Conjurations


You had 17 spell levels left.
You knew the following spells:

 Your Spells              Type           Power        Failure   Level  Hunger
a - Magic Dart            Conj           ####         1%          1    None
b - Searing Ray           Conj           #####.       1%          2    None

Your spell library contained the following spells:

 Spells                   Type           Power        Failure   Level  Hunger
 Dazzling Flash           Conj/Hex       ####..       6%          3    None
 Fulminant Prism          Conj/Hex       ####......   22%         4    ##.....
 Iskenderun's Mystic Bla  Conj/Tloc      ####....     22%         4    ##.....


Dungeon Overview and Level Annotations

Branches:
Dungeon (5/15)             Temple (1/1) D:5

Altars:
Dithmenos
Fedhas
Kikubaaqudgha
Ru
Vehumet
The Shining One

Annotations:
D:4 !two head
D:5 Eustachio


Message History

You are feeling hungry.
You now have 245 gold pieces (gained 31).
A raiju comes into view.
n - a wand of polymorph (6) Magic restored.
You open the door.
There is an open door here.
You open the door.
A sixfirhy comes into view.
The sixfirhy hits you! The sixfirhy shocks you!
* * * LOW HITPOINT WARNING * * *
There is an open door, spattered with blood here.
Unknown command.
Press: ? - help, v - describe, . - travel
Here: a sixfirhy The floor.
The sixfirhy closely misses you. The sixfirhy hits you.
* * * LOW HITPOINT WARNING * * *
The sixfirhy shocks you!
You die...

.#....#..
.#.#..#...#
..._............#
...
.##.###..#...#..#
. . #..#
#.........# ....
#. #. .......#
#.#### #
#####'### #..#
##.## #.@# #3##
#.........#
#...#......# ##
#.....#.. #.....#
..# #.....# #.
#.....# +.....#


You could see a sixfirhy.

Vanquished Creatures
  Duvessa (D:4)
  2 ogres
  A phantom (D:4)
  Dowan (D:4)
  An orc priest (D:3)
  A jelly (D:5)
  An iguana (D:3)
  Natasha (thrice) (D:3)
  2 worker ants
  A hound skeleton (D:4)
  4 gnolls (D:5)
  5 adders
  A worm (D:5)
  2 dart slugs (D:2)
  4 leopard geckos
  7 orcs
  2 ball pythons
  2 giant cockroaches
  6 goblins
  6 hobgoblins
  3 jackals (D:1)
  6 kobolds
  A quokka (D:2)
  15 bats
  6 frilled lizards
  4 rats
88 creatures vanquished.

Notes
Turn   | Place    | Note
-------+----------+-------------------------------------------
     0 | D:1      | Luthien the Deep Elf Conjurer began the quest for the Orb.
     0 | D:1      | Reached XP level 1. HP: 10/10 MP: 6/6
   224 | D:1      | Reached XP level 2. HP: 2/15 MP: 0/8
   228 | D:1      | Learned a level 2 spell: Searing Ray
   940 | D:1      | Reached XP level 3. HP: 20/20 MP: 8/10
  2250 | D:2      | Found a blossoming altar of Fedhas.
  2357 | D:3      | Reached skill level 1 in Fighting
  2357 | D:3      | Reached skill level 5 in Conjurations
  2357 | D:3      | Reached XP level 4. HP: 11/25 MP: 0/12
  2795 | D:3      | Noticed Natasha
  2798 | D:3      | Killed Natasha
  2798 | D:3      | Noticed an ogre
  2802 | D:3      | Killed an ogre
  2802 | D:3      | Reached XP level 5. HP: 23/30 MP: 4/14
  2909 | D:3      | Reached skill level 5 in Spellcasting
  3148 | D:3      | Noticed Natasha
  3155 | D:3      | Killed Natasha
  3391 | D:3      | Reached XP level 6. HP: 35/35 MP: 13/15
  3423 | D:3      | Noticed Natasha
  3426 | D:3      | Killed Natasha
  3697 | D:4      | Noticed Duvessa
  3698 | D:4      | Noticed Dowan
  3705 | D:4      | Killed Duvessa
  3707 | D:4      | Reached XP level 7. HP: 26/41 MP: 5/18
  3709 | D:4      | Killed Dowan
  3857 | D:4      | Found a shadowy altar of Dithmenos.
  3983 | D:4      | Noticed a two-headed ogre
  4051 | D:5      | Entered Level 5 of the Dungeon
  4577 | D:5      | Found a staircase to the Ecumenical Temple.
  4603 | Temple   | Entered the Ecumenical Temple
  4627 | Temple   | Became a worshipper of Vehumet
  4696 | D:5      | Noticed Eustachio
  4721 | D:5      | Cast into level 1 of the Abyss (Eustachio)
  4726 | Abyss:1  | Found a corrupted altar of Lugonu.
  4732 | Abyss:1  | Noticed a raiju
  4754 | Abyss:1  | Noticed a sixfirhy
  4755 | Abyss:1  | HP: 1/42 [sixfirhy (5)]
  4755 | Abyss:1  | Mangled by a sixfirhy

Illustrated notes

Levels and vault maps discovered:
D:1:      lemuel_arrival_river_bridge, layout_basic
D:2:      layout_loops_cross, fedhas_altar_fruit_tree
D:3:      layout_loops_ring, uniq_natasha
D:4:      layout_gridville, first_ration, grunt_dithmenos_smoke, uniq_ijyb,
          uniq_duvessa
D:5:      layout_basic, temple_pool_b, uniq_eustachio
Temple:   minmay_crystal_snake_temple
Abyss:1:  base:
D:10

Skill      XL: |  1  2  3  4  5  6  7 |
---------------+----------------------+-----
Fighting       | 1 2 3 |  3.6
Spellcasting   | 4 5 6 7 |  7.0
Conjurations   | 5 6 7 |  7.0
Dodging        | |  2.8
Stealth        | |  2.9

Action                   |  1- 3 |  4- 6 |  7- 9 || total
-------------------------+-------+-------+-------++-------
Melee: Club              |    14 |       |       ||    14
       Hand axe          |     5 |       |       ||     5
 Cast: Magic Dart        |    70 |    33 |    31 ||   134
       Searing Ray       |     4 |    13 |    16 ||    33
  Eat: Chunk             |     4 |     4 |     3 ||    11
Armor: Leather armour    |     8 |       |     4 ||    12
Dodge: Dodged            |    28 |     5 |    11 ||    44
